 Dungeon Crawl Stone Soup version 0.21-a0-229-g3587535 (webtiles) character file.

10 Blomdor the Grasshopper (level 2, 0/23 HPs)
             Began as a Barachi Warper on Sept 1, 2017.
             Slain by a rat (2 damage)
             ... on level 1 of the Dungeon.
             The game lasted 00:00:26 (347 turns).

Blomdor the Grasshopper (Barachi Warper)             Turns: 347, Time: 00:00:27

Health: 0/23       AC:  3    Str: 12    XL:     2   Next: 20%
Magic:  5/5        EV: 12    Int: 13    God:
Gold:   0          SH:  0    Dex: 11    Spells: 5/5 levels left

rFire    . . .     SeeInvis .   a - +0 hand axe
rCold    . . .     Gourm    .   (no shield)
rNeg     . . .     Faith    .   b - +0 leather armour
rPois    .         Spirit   .   (no helmet)
rElec    .         Reflect  .   (no cloak)
rCorr    .         Harm     .   (no gloves)
MR       .....                  (no boots)
Stlth    +.........             (no amulet)
HPRegen  0.07/turn              (no ring)
MPRegen  0.09/turn              (no ring)

@: slow
A: +LOS, swims, slowness 1, strong legs 1
a: Hop


You were on level 1 of the Dungeon.
You were not hungry.

You visited 1 branch of the dungeon, and saw 1 of its levels.

Inventory:

Hand Weapons
 a - a +0 hand axe (weapon)
Missiles
 e - 5 tomahawks of dispersal (quivered)
Armour
 b - a +0 leather armour (worn)
Jewellery
 k - an uncursed ring of wizardry {unknown}
Scrolls
 d - 2 scrolls of blinking
 g - 2 scrolls of teleportation {unknown}
 i - 4 scrolls of identify {unknown}
 j - a scroll of random uselessness {unknown}
 l - a scroll of remove curse {unknown}
Books
 c - a book of Spatial Translocations

   Spells                             Type                      Level
   a - Blink                          Translocation                2
   b - Shroud of Golubria             Charms/Translocation         2
   c - Lesser Beckoning               Translocation                3
   d - Gell's Gravitas                Translocation                3
   e - Teleport Other                 Translocation                3
   f - Passage of Golubria            Translocation                4
Comestibles
 f - 3 bread rations
 h - 2 chunks of flesh


   Skills:
 - Level 2.4 Fighting
 * Level 3.1 Axes
 - Level 1.0 Throwing
 - Level 1.2 Armour
 - Level 2.1 Dodging
 - Level 2.1 Spellcasting
   Level 3.2 Translocations


You had 5 spell levels left.
You didn't know any spells.

Dungeon Overview and Level Annotations

Branches:
Dungeon (1/15)

Altars:


Innate Abilities, Weirdness & Mutations

Shadows flee at your approach. (+LOS)
You can swim through water.
You cover ground slowly.
You can hop short distances.


Message History

You hit the kobold.
The kobold is heavily wounded.
The kobold hits you with a whip.
* * * LOW HITPOINT WARNING * * *
You closely miss the kobold.
The kobold is heavily wounded.
The kobold hits you with a whip.
* * * LOW HITPOINT WARNING * * *
You hit the kobold.
The kobold is severely wounded.
The kobold barely misses you.
You hit the kobold.
You kill the kobold!
You closely miss the rat. The rat completely misses you.
You closely miss the rat. The rat bites you but does no damage.
The rat bites you.
* * * LOW HITPOINT WARNING * * *
You closely miss the rat. The rat barely misses you.
You closely miss the rat. The rat bites you.
You die...

........#............#.#.
#.....#.......###.#....#.
##...###......(...#.##...
#.....#........####......
........#......# #......
###...........#########.
#.........>..... .
#..#.r(...#..?.. .
#...###@....#.....
#.....#).##### ##..
...(#...## . ###=##.# #.
#. #


You could see a rat.

Vanquished Creatures
  2 dart slugs (D:1)
  A bat (D:1)
  A kobold (D:1)
  3 rats (D:1)
7 creatures vanquished.

Notes
Turn   | Place    | Note
-------+----------+-------------------------------------------
     0 | D:1      | Blomdor the Barachi Warper began the quest for the Orb.
     0 | D:1      | Reached XP level 1. HP: 17/17 MP: 3/3
   147 | D:1      | Reached XP level 2. HP: 14/23 MP: 5/5
   347 | D:1      | Slain by a rat

Vault maps used:
D:1:      saegor_arrival_simple_d, minmay_strange_pillars, minmay_statues_item,
          minmay_misc_feat_rugged, kennysheep_small_spiral

Skill      XL: |  1 |
---------------+----+-----
Axes           | 3 |  3.1
Fighting       | |  2.4
Throwing       | |  1.0
Armour         | |  1.2
Dodging        | |  2.1
Spellcasting   | |  2.1
Translocations | |  3.2

Action                   || total
-------------------------++-------
Melee: Hand axe          ||    31
Armor: Leather armour    ||     6
Dodge: Dodged            ||    17

Table legend:
 A = Spawn XP
 B = Non-spawn XP
 C = Spawn XP percentage of total XP
 D = Spawn monster count
 E = Non-spawn monster count
 F = Spawn count percentage of total count
 G = Total turns spent on level
                    A         B        C        D         E        F      G
               +---------+---------+-------+---------+---------+-------+---------
         Total |       0 |      15 |   0.0 |       0 |       7 |   0.0 |   347
               +---------+---------+-------+---------+---------+-------+---------
           D:1 |       0 |      15 |   0.0 |       0 |       7 |   0.0 |   347
               +---------+---------+-------+---------+---------+-------+---------
